 Dungeon Crawl Stone Soup version 0.29.1-1-gd02db69 (webtiles) character file.

Game seed: 10738395722582649033

101 Ayyar the Trooper (level 5, -3/42 HPs)
             Began as a Formicid Abyssal Knight on May 5, 2023.
             Was a Priest of Lugonu.
             Killed by divine providence
             ... invoked by an orc priest
              (15 damage)
             ... on level 3 of the Dungeon.
             The game lasted 00:10:58 (3476 turns).

Ayyar the Trooper (Formicid Abyssal Knight)         Turns: 3476, Time: 00:10:58

Health: -3/42      AC:  7    Str: 20    XL:     5   Next: 4%
Magic:  7/7        EV: 10    Int:  9    God:    Lugonu [***...]
Gold:   191        SH:  0    Dex: 14    Spells: 4/4 levels left

rFire   . . .      SeeInvis +   a - +1 spear
rCold   + . .      Faith    .   (no shield)
rNeg    . . .      Spirit   .   m - +0 scale mail
rPois   +          Reflect  .   (helmet unavailable)
rElec   .          Harm     .   (no cloak)
rCorr   .          Rampage  .   (no gloves)
Will    .....                   g - +0 pair of boots
Stlth   ..........              (no amulet)
HPRegen 0.14/turn               e - ring of poison resistance
MPRegen 0.10/turn               q - ring of protection from cold

@: no status effects
A: permanent stasis, dig shafts and tunnels, antennae 3, four strong arms
a: Dig, Shaft Self, Renounce Religion, Depart the Abyss, Bend Space, Banish


You were on level 3 of the Dungeon.
You worshipped Lugonu.
Lugonu was most pleased with you.
You visited 1 branch of the dungeon, and saw 4 of its levels.
You visited the Abyss 1 time.

You collected 191 gold pieces.

Inventory:

Hand Weapons
 a - a +1 spear (weapon)
 j - a +0 dagger
Missiles
 f - 5 atropa-tipped darts
 v - 2 boomerangs
Armour
 g - a +0 pair of boots (worn)
 m - a +0 scale mail (worn)
Jewellery
 e - a ring of poison resistance (left hand)
 p - a ring of positive energy
 q - a ring of protection from cold (right hand)
 w - a ring of fire
Scrolls
 d - 2 scrolls of fear {unknown}
 h - 3 scrolls of teleportation {unknown}
 i - 5 scrolls of identify {unknown}
 k - 2 scrolls of amnesia {unknown}
 l - a scroll of immolation {unknown}
 o - 4 scrolls of enchant armour {unknown}
 s - a scroll of vulnerability {unknown}
Potions
 b - a potion of curing {unknown}
 c - a potion of haste
 n - a potion of brilliance {unknown}
 r - a potion of attraction {unknown}
 t - a potion of ambrosia {unknown}
 u - a potion of cancellation {unknown}
 x - a potion of flight
 z - a potion of mutation {unknown}


   Skills:
 + Level 3.9 Fighting
 + Level 2.8 Polearms
 + Level 3.0 Armour
 + Level 1.7 Dodging
 + Level 3.2 Invocations


You had 4 spell levels left.
You didn't know any spells.
Your spell library contained the following spells:

 Spells                   Type           Power      Damage    Failure   Level
 Sublimation of Blood     Necr           0%         N/A       86%         2
 Dazzling Flash           Conj/Hex       0%         N/A       98%         3
 Iskenderun's Mystic Bla  Conj/Tloc      0%         2d3       100%        4
 Petrify                  Tmut/Erth      0%         N/A       100%        4
 Irradiate                Conj/Tmut      0%         3d11      100%        5
 Dispersal                Tloc           0%         N/A       100%        6
 Starburst                Conj/Fire      0%         6d3       100%        6
 Disjunction              Tloc           0%         N/A       100%        8


Dungeon Overview and Level Annotations

Branches:
Dungeon (4/15)
 Temple: D:4-7

Altars:
Fedhas
Hepliaklqana
Xom


Innate Abilities, Weirdness & Mutations

You cannot be hasted, slowed, berserked, paralysed or teleported.
You can dig through walls and to a lower floor.
You have a pair of large antennae on your head. (SInv)
Your four strong arms can wield two-handed weapons with a shield.


Message History

You feel very sick.
There is a stone staircase leading down here.
You closely miss the orc priest.
You feel sick. The orc hits you but does no damage.
The orc priest barely misses you.
The ogre hits you with a +0 giant spiked club!
* * * LOW HITPOINT WARNING * * *
The orc priest attacks as you move away!
The orc priest closely misses you.
You feel sick. The orc attacks as you move away! The orc barely misses you.
You feel sick.
The orc priest invokes the aid of Beogh against you.
Pain shoots through your body!
* * * LOW HITPOINT WARNING * * *
You feel sick. The orc attacks as you move away! The orc closely misses you.
You feel sick.
The orc throws a boomerang.
The boomerang hits you but does no damage.
It was a potion of flight.
You feel very buoyant.
You fly up into the air.
You feel sick.
The orc throws a boomerang.
The boomerang barely misses you.
It was a potion of haste.
Your stasis prevents you from being hasted.
You feel sick.
You are no longer poisoned.
The orc throws a boomerang.
The boomerang misses you.
The orc throws a boomerang.
The boomerang hits you but does no damage.
The orc throws a boomerang.
The boomerang hits you but does no damage.
The orc throws a boomerang.
The boomerang barely misses you.
The orc throws a boomerang.
The boomerang hits you.
* * * LOW HITPOINT WARNING * * *
The orc throws a boomerang.
The boomerang barely misses you.
You are starting to lose your buoyancy.
You float gracefully downwards.
Things that are here:
a +0 scale mail; a +0 flail; an orc skeleton The orc priest calls down the wrath of Beogh upon you.
Beogh smites you!
You die...

#.......#...#.# #.........#
####^####...#.###........##
...................##.####
######
###.###.###........#..#
##..... #.###.#
#..........## #......
#.....# #.#.......##
#...##.
##########.#.......#
#..####
#........#.#.......# #.^#
#. #......#.#.#...@#######
#..# #.
#........#.#...[......#
#..# #.
###).#####.##.##......#
#..# ##
#........##.##......# ##.##
#.#########.##......###
#..### #.# ##.#####.O...#
##.... #.# #....# #.....#
##### #.# #....# #..o..#
###.. #.# #....###.....#
##...#


You could see an ogre and an orc priest.

Vanquished Creatures
  2 adders
  A worm (D:2)
  A dart slug (D:1)
  2 orcs (D:3)
  10 ball pythons
  7 bats
  5 endoplasms
  2 giant cockroaches (D:1)
  12 goblins
  4 hobgoblins
  7 jackals (D:1)
  4 quokkas
  A frilled lizard (D:2)
  7 kobolds
  A rat (D:3)
66 creatures vanquished.

Vanquished Creatures (others)
  4 plants
4 creatures vanquished.

Grand Total: 70 creatures vanquished

Notes
Turn   | Place    | Note
-------+----------+-------------------------------------------
     0 | Abyss:1  | Ayyar the Formicid Abyssal Knight began the quest for the
                  | Orb.
     0 | Abyss:1  | Reached XP level 1. HP: 18/18 MP: 2/2
     0 | Abyss:1  | Found a corrupted altar of Lugonu.
    31 | Abyss:1  | Noticed a small abomination
    32 | D:1      | Escaped the Abyss
   148 | D:1      | Reached skill level 1 in Dodging
   205 | D:1      | Reached ** piety under Lugonu
   288 | D:1      | Reached XP level 2. HP: 22/24 MP: 3/3
   628 | D:1      | Reached XP level 3. HP: 13/29 MP: 4/4
  1450 | D:2      | Reached XP level 4. HP: 36/37 MP: 6/6
  1626 | D:2      | Reached *** piety under Lugonu
  2248 | D:3      | Found a glowing golden altar of the Shining One.
  2250 | D:3      | Found a shimmering altar of Xom.
  2250 | D:3      | Found a hazy altar of Hepliaklqana.
  2252 | D:3      | Found a shimmering altar of Xom.
  2252 | D:3      | Found an ornate altar of the Wu Jian Council.
  2252 | D:3      | Found a shimmering altar of Xom.
  2367 | D:3      | Found a faded altar of an unknown god.
  2428 | D:3      | Found a blossoming altar of Fedhas.
  2539 | D:3      | Found a hazy altar of Hepliaklqana.
  3067 | D:4      | Identified the +2 robe "Bygebb" {Int+3}
  3145 | D:4      | Noticed an ogre
  3171 | D:3      | Reached XP level 5. HP: 9/42 MP: 7/7
  3476 | D:3      | Killed from afar by an orc priest

Illustrated notes

Levels and vault maps discovered:
D:1:      eino_arrival_water_cross, layout_basic, minmay_tromino_v7
D:2:      layout_loops_cross, kennysheep_crisscross
D:3:      layout_basic, lemuel_tele_altar, doesnt_xom_only_xom,
          nicolae_hepliaklqana_hippocampus, chequers_ecumenical_altar_island,
          minmay_shallow_snake_nest
D:4:      layout_basic, minmay_temple_entry_crystal_x

Skill      XL: |  1  2  3  4 |
---------------+-------------+-----
Dodging        | 1 |  1.7
Invocations    | 3 |  3.2
Armour         | 3 |  3.0
Fighting       | |  3.9
Polearms       | |  2.8

Action                   |  1- 3 |  4- 6 || total
-------------------------+-------+-------++-------
Melee: Spear             |   128 |    79 ||   207
Invok: Depart the Abyss  |     1 |       ||     1
  Use: Potion            |       |     2 ||     2
Armor: Leather armour    |    44 |       ||    44
       Scale mail        |       |    31 ||    31
Dodge: Dodged            |    75 |    49 ||   124
